 Dungeon Crawl Stone Soup version 0.31-a0-557-g6e16503903 (webtiles) character file.

Game seed: 2172616376284178350

261 mandarbmax the Chucker (level 5, 0/61 HPs)
             Began as a Draconian Gladiator on Aug 16, 2023.
             Succumbed to Robin's poison
             ... on level 4 of the Dungeon.
             The game lasted 00:05:38 (2400 turns).

mandarbmax the Chucker (Draconian Gladiator)        Turns: 2400, Time: 00:05:38

Health: 0/61       AC:  7    Str: 16    XL:     5   Next: 96%
Magic:  5/5        EV: 13    Int:  9    God:
Gold:   182        SH:  0    Dex: 14    Spells: 4/4 levels left

rFire   . . .        a - +0 long sword
rCold   . . .        (no shield)
rNeg    . . .        (body armour unavailable)
rPois   .            b - +0 hat
rElec   .            e - +0 cloak
rCorr   .            (no gloves)
SInv    .            n - +0 pair of boots
Will    +....        (no amulet) Stlth
                     (no ring)
HPRegen 0.30/turn    (no ring)
MPRegen 0.09/turn

%: no passive effects
@: berserking, lethally poisoned (0 -> 0), attractive, enlightened, flying, very
quick
A: AC +5, unfitting armour, cold-blooded, deterioration 1, teleportitis 1
a: no special abilities


You were on level 4 of the Dungeon.
You visited 1 branch of the dungeon, and saw 4 of its levels.
You also visited: Ossuary.

You collected 182 gold pieces.

Inventory:

Hand Weapons
 a - a +0 long sword (weapon)
Missiles
 c - 3 throwing nets
Armour
 b - a +0 hat (worn)
 e - a +0 cloak (worn)
 n - a +0 pair of boots (worn)
Jewellery
 r - a ring of protection from fire
Talismans
 t - a maw talisman
Scrolls
 f - 3 scrolls of teleportation
 g - a scroll of noise
 h - a scroll of torment
 k - a scroll of fear {unknown}
 l - a scroll of fog
 p - a scroll of acquirement {unknown}
 q - a scroll of butterflies {unknown}
 u - a scroll of poison
Potions
 i - a potion of lignification
 j - 2 potions of attraction
 m - a potion of mutation
 o - 2 potions of enlightenment
 s - a potion of berserk rage
 v - a potion of brilliance {unknown}
 w - 2 potions of curing {unknown}


   Skills:
 + Level 2.1 Fighting
 - Level 3.0 Long Blades
 - Level 5.6 Throwing
 - Level 3.0 Dodging


You had 4 spell levels left.
You didn't know any spells.
Your spell library contained the following spells:

 Spells                   Type           Power      Damage    Failure   Level
 Kiss of Death            Conj/Necr      0%         2d5       38%         1
 Confusing Touch          Hex            0%         N/A       77%         3
 Ozocubu's Armour         Ice            0%         N/A       77%         3
 Dispel Undead            Necr           0%         3d6       99%         4
 Metabolic Englaciation   Hex/Ice        0%         N/A       100%        5
 Simulacrum               Ice/Necr       0%         N/A       100%        6


Dungeon Overview and Level Annotations

Branches:
Dungeon (4/15)            Ossuary (visited)
 Temple: D:4-7

Altars:
Gozag
Trog

Shops:
D:2 *

Annotations:
D:4 Robin


Innate Abilities, Weirdness & Mutations

Your plain brown scales are hard. (AC +5)
You cannot fit into any form of body armour.
You are cold-blooded and may be slowed by cold attacks.
Your body sometimes deteriorates upon taking damage.
You are occasionally teleported next to monsters.


Message History

The hobgoblin hits you but does no damage.
The goblin barely misses you. The goblin closely misses you.
The goblin is engulfed in poison gas.
The goblin looks even sicker.
The hobgoblin hits you.
* * * LOW HITPOINT WARNING * * *
Robin closely misses you.
It was a potion of enlightenment.
You feel very buoyant.
You fly up into the air.
You feel sick.
You kill the goblin!
The goblin hits you with a +0 club.
* * * LOW HITPOINT WARNING * * *
The hobgoblin closely misses you. The hobgoblin misses you.
The goblin hits you but does no damage. Robin closely misses you.
Okay, then.
It was a potion of mutation.
You feel extremely strange.
You feel yourself wasting away.
You feel weirdly uncertain.
* * * LOW HITPOINT WARNING * * *
You feel sick. The goblin hits you with a +0 club.
* * * LOW HITPOINT WARNING * * *
The hobgoblin barely misses you.
The hobgoblin hits you but does no damage.
The goblin misses you.
It was a potion of berserk rage.
A red film seems to cover your vision as you go berserk!
You feel yourself moving faster!
You feel mighty!
* * * LOW HITPOINT WARNING * * *
You feel sick.
The hobgoblin no longer looks unusually strong.
The goblin misses you. The hobgoblin closely misses you.
The hobgoblin barely misses you. Robin closely misses you.
The goblin closely misses you.
You are too berserk!
You completely miss the hobgoblin.
* * * LOW HITPOINT WARNING * * *
You feel sick.
Unknown command.
You slash the hobgoblin!
You kill the hobgoblin!
You die...

#.†# #.........#.
##.##
##.......#§§ #..#
......#§☼○ ##..#
#...##§§☼# #..##
#.##§§§# #..#
#§§☼# ###..####
##☼○☼#
#.......#####gg§#
##.........#g@§#
#....§○§§§.)###
##....○§§§§§g#
#.....○§○§§gg#
#.....○☼§○○§§##
#.....§§§☼§§..#
#.....§§○§§○§.##
#.....§§○§§§○..#
#..............#


You could see Robin, 2 hobgoblins and 3 goblins.

Vanquished Creatures
  An elf zombie (Ossuary)
  A human zombie (Ossuary)
  2 hound zombies (Ossuary)
  4 mummies (Ossuary)
  2 adders
  An adder zombie (Ossuary)
  A worm (D:2)
  A dart slug (D:1)
  An orc (D:4)
  4 ball pythons
  7 bats
  2 endoplasms
  2 gnoll zombies (Ossuary)
  11 goblins
  6 hobgoblins
  3 kobolds
  3 frilled lizards
  3 goblin zombies (Ossuary)
  A hobgoblin zombie (Ossuary)
  4 rats
  A rat zombie (Ossuary)
61 creatures vanquished.

Vanquished Creatures (others)
  A wizard (D:3)
1 creature vanquished.

Grand Total: 62 creatures vanquished

Notes
Turn   | Place    | Note
-------+----------+-------------------------------------------
     0 | D:1      | mandarbmax the Draconian Gladiator began the quest for the
                  | Orb.
     0 | D:1      | Reached XP level 1. HP: 17/17 MP: 1/1
   209 | D:1      | Reached skill level 2 in Throwing
   329 | D:1      | Reached XP level 2. HP: 24/24 MP: 2/2
   737 | D:2      | Found Katinaewn's General Store.
   976 | D:2      | Reached XP level 3. HP: 19/29 MP: 3/3
  1055 | D:2      | Reached skill level 3 in Throwing
  1572 | D:3      | Found an opulent altar of Gozag.
  1640 | D:3      | Found a bloodstained altar of Trog.
  1644 | D:3      | Noticed a wizard
  1648 | D:3      | Killed a wizard
  1943 | D:4      | Found a sand-covered staircase.
  1959 | Ossuary  | Entered an ossuary
  1982 | Ossuary  | Reached XP level 4. HP: 32/36 MP: 4/4
  2003 | Ossuary  | Reached skill level 4 in Throwing
  2035 | Ossuary  | Reached XP level 5. HP: 14/41 MP: 5/5
  2056 | Ossuary  | Reached skill level 5 in Throwing
  2367 | D:4      | Noticed Robin
  2397 | D:4      | Gained mutation: Your body sometimes deteriorates upon
                  | taking damage. [potion of mutation]
  2397 | D:4      | Gained mutation: You are occasionally teleported next to
                  | monsters. [potion of mutation]
  2397 | D:4      | HP: 2/41 [goblin/+0 club[Robin] (1)]
  2400 | D:4      | Succumbed to Robin's poison

Illustrated notes

Levels and vault maps discovered:
D:1:      minmay_arrival_four_houses, layout_loops_ring, minmay_misc_feat_doors
D:2:      layout_loops_ring, serial_shops, nicolae_shop_real_fake_doors
D:3:      layout_basic, trog_wizard, old_standard_altar, minmay_box_of_dots
D:4:      layout_cave_pods, nicolae_ossuary_entry_false_entrances, uniq_robin,
          uniq_sigmund, uniq_eustachio

Skill      XL: |  1  2  3  4  5 |
---------------+----------------+-----
Throwing       | 2 3 4 5 |  5.6
Dodging        | 3 |  3.0
Fighting       | |  2.1
Long Blades    | |  3.0

Action                     |  1- 3 |  4- 6 || total
---------------------------+-------+-------++-------
  Melee: Long sword        |   109 |   108 ||   217
         Tailslap          |     9 |    20 ||    29
  Throw: Javelin           |       |     1 ||     1
    Use: Scroll            |     4 |     3 ||     7
         Potion            |       |     5 ||     5
   Stab: Sleeping          |     2 |       ||     2
 Armour: Skin              |    49 |    73 ||   122
  Dodge: Dodged            |   101 |   113 ||   214

Table legend: (Time is in decaauts)
 A = Elapsed time spent in this place.
 B = Non-inter-level travel time spent in this place.
 C = Inter-level travel time spent in this place.
 D = Time resting spent in this place.
 E = Time spent auto-exploring this place.
 F = Levels seen in this place.
 G = Mean time per level.
                   A        B        C        D        E       F      G
               +--------+--------+--------+--------+--------+-----+--------+
         Total |   2453 |   2396 |     57 |     61 |   1778 |   5 |  490.6 |
       Dungeon |   2069 |   2012 |     57 |      0 |   1635 |   4 |  517.2 |
       Ossuary |    383 |    383 |      0 |     61 |    143 |   1 |  383.0 |
               +--------+--------+--------+--------+--------+-----+--------+

Top non-repeatable levels by time:
     D:2: 729 daAuts
     D:1: 628 daAuts
     D:3: 594 daAuts
 Ossuary: 383 daAuts
     D:4: 116 daAuts
